cohdb
Replays
Latest Replays
All Replays
Popular Replays
Top Player Replays
Match Explorer
How It Works
Community
CoH3 Stats
Reddit
Sign in to upload your games and track your stats! →
Sign in with Steam
Match 38313287
Unlisted
Match 38313287
Overview
Messages
Build Orders
End
Construct Section Command Post
Vickers Machine Gun Team
Dingo Light Scout Car
Infantry Section
Infantry Section
Construct Platoon Command Post
Humber Armored Car
6-pounder Anti-tank Gun Team
Selects Air and Sea Battlegroup
Selects Supply Surplus
Construct Resource Cache
Construct Resource Cache
Construct Field Infirmary
Infantry Section
Construct Company Command Post
Unlock Bishop Self-propelled Artillery
Bishop Self-propelled Artillery
Bishop Self-propelled Artillery
抖音雨哲QAQ
阿尔及利亚刘德华
灯芯
76561199578421658
[Strike]LaserClaw
田七
Pharagon
Mael Radec
0
0
Comments
sign in to comment!
No comments posted yet!